Quebec Nordiques vs Montreal Canadiens
Created - Monday, October 28, 2024 at 07:38
Goals
|
| Quebec Nordiques |
3 |
2 |
1 |
6 |
| Montreal Canadiens |
2 |
1 |
0 |
3 |
|
Shots
|
| Quebec Nordiques |
18 |
9 |
5 |
32 |
| Montreal Canadiens |
8 |
5 |
5 |
18 |
|
1st period
1. Quebec Nordiques , Barrett Hayton 10 (J.J. Moser 23) at 7:07
2. Quebec Nordiques , Marco Rossi 11 (Cole Perfetti 14, Trevor Zegras 20) at 11:05
3. Montreal Canadiens , Patrik Laine 12 (Dylan Larkin 38) at 11:50
4. Montreal Canadiens , Vincent Trocheck 21 (Jonathan Marchessault 24, Juraj Slafkovsky 19) at 14:44
5. Quebec Nordiques , Anthony Duclair 14 (Trevor Zegras 21, Jonas Siegenthaler 7) at 17:52
Penalties :
Trevor Zegras (QUE) for Tripping (Minor) at 15:48
2nd period
6. Montreal Canadiens , Jake Evans 6 (Aliaksei Protas 7, Tyler Myers 14) at 11:01 (SH)
7. Quebec Nordiques , Jonas Siegenthaler 4 (Trevor Zegras 22, Juuso Valimaki 8) at 12:19
8. Quebec Nordiques , Kirby Dach 7 (Barrett Hayton 12, Trevor Zegras 23) at 12:57
Penalties :
Alexandre Carrier (MTL) for Roughing (Minor) at 9:23, Jaden Schwartz (MTL) for Holding (Minor) at 13:50
3rd period
9. Quebec Nordiques , Barrett Hayton 11 (Kirby Dach 9, Cole Perfetti 15) at 9:36
Penalties :
Tyler Myers (MTL) for Slashing (Minor) at 0:27, Vincent Trocheck (MTL) for Boarding (Major) at 12:42, Michael McCarron (QUE) for Hooking (Minor) at 19:15
Goalie Stats
John Gibson (QUE), 15 saves from 18 shots - (0.833), W, 6-15-4, 60:00 minutes
Jet Greaves (MTL), 26 saves from 32 shots - (0.813), L, 2-4-2, 60:00 minutes
Players Stats for Quebec Nordiques
Player Name G A P +/- PIM S H SB GA TA FO MP PP MP PK MP
------------------------------------------------------------------------------------
Anthony Duclair 1 0 1 0 0 6 3 0 3 0 0/1 18:09 5:17 0:00
Barrett Hayton 2 1 3 3 0 2 1 0 0 0 0/2 13:07 1:08 0:18
Cole Perfetti 0 2 2 2 0 2 0 0 1 0 1/2 17:24 4:26 0:00
Eetu Luostarinen 0 0 0 3 0 2 3 1 0 0 0/0 13:02 0:00 1:20
Evander Kane 0 0 0 0 0 1 5 0 0 0 1/3 18:09 5:17 0:00
J.J. Moser 0 1 1 2 0 1 1 0 1 0 0/0 22:23 5:12 1:05
Jonas Siegenthaler 1 1 2 1 0 1 1 1 0 1 0/0 21:33 5:09 1:38
Jordan Greenway 0 0 0 -2 0 0 0 0 0 0 0/0 11:30 0:51 1:23
Justin Holl 0 0 0 0 0 0 1 0 0 0 0/0 15:30 0:35 0:00
Juuso Valimaki 0 1 1 1 0 2 1 2 0 0 0/0 18:51 5:12 0:00
Kirby Dach 1 1 2 3 0 1 1 0 4 0 0/0 12:55 1:05 0:00
Marc Staal 0 0 0 1 0 1 2 2 1 1 0/0 17:13 0:35 1:38
Marco Rossi 1 0 1 2 0 2 0 0 1 0 8/16 17:29 4:31 0:00
Michael Anderson 0 0 0 1 0 2 2 1 0 0 0/0 23:50 5:09 1:05
Michael McCarron 0 0 0 -2 2 1 1 0 0 2 2/3 9:51 0:00 1:02
Ryan Poehling 0 0 0 -2 0 2 1 0 0 0 2/2 10:36 0:24 1:23
Shane Pinto 0 0 0 0 0 3 0 0 1 2 7/13 18:10 5:18 0:00
Trevor Zegras 0 4 4 2 2 3 3 0 0 0 3/5 17:33 4:31 0:00
Players Stats for Montreal Canadiens
Player Name G A P +/- PIM S H SB GA TA FO MP PP MP PK MP
------------------------------------------------------------------------------------
Adam Fox 0 0 0 0 0 0 0 1 0 1 0/0 22:14 1:33 5:17
Alexandre Carrier 0 0 0 -2 2 1 1 2 0 1 0/0 16:22 0:00 1:26
Aliaksei Protas 0 1 1 -4 0 1 2 0 0 1 3/17 16:37 0:00 4:41
Brady Skjei 0 0 0 -1 0 0 1 1 1 0 0/0 23:37 1:33 5:04
Damon Severson 0 0 0 -1 0 1 1 2 0 1 0/0 16:48 1:10 0:55
Dylan Larkin 0 1 1 1 0 0 2 0 2 0 7/13 16:46 1:25 4:37
Evgeni Dadonov 0 0 0 -1 0 0 0 0 0 1 0/0 13:31 0:00 1:45
Jaden Schwartz 0 0 0 0 2 1 0 1 0 0 1/1 11:41 0:00 0:00
Jake Evans 1 0 1 2 0 1 0 1 0 1 2/3 15:26 0:00 5:03
Jonathan Marchessault 0 1 1 0 0 2 0 0 1 1 0/0 12:49 1:25 0:03
Juraj Slafkovsky 0 1 1 -4 0 3 1 0 1 0 0/0 14:31 1:18 1:23
Luke Glendening 0 0 0 0 0 0 4 1 0 1 1/1 11:21 0:00 0:00
Martin Necas 0 0 0 -5 0 1 0 1 1 1 0/0 11:33 0:00 0:00
Patrik Laine 1 0 1 1 0 1 0 1 0 0 0/1 13:54 1:18 1:38
Ryan Lindgren 0 0 0 -1 0 2 0 1 0 1 0/0 19:59 0:00 5:09
Tyler Myers 0 1 1 -1 2 0 1 1 0 0 0/0 21:59 1:10 4:01
Vincent Trocheck 1 0 1 0 5 4 0 1 0 2 9/10 16:51 1:25 2:42
Vladislav Namestnikov 0 0 0 0 0 0 4 0 0 0 0/1 13:01 1:18 0:00
3 Stars
1 - Barrett Hayton (QUE)
2 - Trevor Zegras (QUE)
3 - Kirby Dach (QUE)
Power Play
Quebec Nordiques - 0 on 4 Attempt(s) - 0.00%
Montreal Canadiens - 0 on 2 Attempt(s) - 0.00%
Penalty Kill
Quebec Nordiques - 2 on 2 Attempt(s) - 100.00%
- Score 0 goal in Penalty Kill
Montreal Canadiens - 4 on 4 Attempt(s) - 100.00%
- Score 1 goal in Penalty Kill
Team Stat
Quebec Nordiques - Hits : 26 - Faceoff Wins : 24 - Blocked Shots : 7 - Penalty Minutes : 4
Montreal Canadiens - Hits : 17 - Faceoff Wins : 23 - Blocked Shots : 14 - Penalty Minutes : 11
Official
Referees : Ghislain Hebert and Tj Luxmore
Linesman : Ryan Daisy and Michel Cormier
Game Notes
No Game Note
Finance
Level 1 -- Attendance: 5134 (85.57%) -- Ticket Income $477,462
Level 2 -- Attendance: 4863 (97.26%) -- Ticket Income $257,739
Level 3 -- Attendance: 3000 (100.00%) -- Ticket Income $96,000
Level 4 -- Attendance: 4197 (83.94%) -- Ticket Income $92,334
Luxury Box -- Attendance: 781 (78.10%) -- Ticket Income $152,295
Game was played at the Bell Centre.
Total Attendance: 17975 (89.88%)
Total Ticket Income: $1,075,830
Other Income: $376,540
Total Income: $1,452,370
Quebec Nordiques
5 vs 5 Forward
Center Left Wing Right Wing Time % Phy DF OF
1 Shane Pinto Evander Kane Anthony Duclair 30 1 1 3
2 Marco Rossi Trevor Zegras Cole Perfetti 30 1 1 3
3 Barrett Hayton Eetu Luostarinen Kirby Dach 25 1 1 3
4 Michael McCarron Ryan Poehling Jordan Greenway 15 1 3 1
5 vs 5 Defense
Defense Defense Time % Phy DF OF
1 J.J. Moser Michael Anderson 30 1 3 1
2 Jonas Siegenthaler Juuso Valimaki 30 1 3 1
3 Marc Staal Justin Holl 30 1 3 1
4 J.J. Moser Michael Anderson 10 1 3 1
PowerPlay Forward
Center Left Wing Right Wing Time % Phy DF OF
1 Shane Pinto Evander Kane Anthony Duclair 50 1 0 4
2 Marco Rossi Trevor Zegras Cole Perfetti 50 1 0 4
PowerPlay Defense
Defense Defense Time % Phy DF OF
1 J.J. Moser Juuso Valimaki 50 1 3 1
2 Michael Anderson Jonas Siegenthaler 50 1 3 1
Penalty Kill 4 Players Forward
Center Wing Time % Phy DF OF
1 Ryan Poehling Jordan Greenway 50 1 2 2
2 Michael McCarron Eetu Luostarinen 50 1 2 2
Penalty Kill 4 Players Defense
Defense Defense Time % Phy DF OF
1 J.J. Moser Michael Anderson 50 1 2 2
2 Jonas Siegenthaler Marc Staal 50 1 2 2
Penalty Kill - 3 Players Forward
Forward Time % Phy DF OF
1 Michael McCarron 50 1 2 2
2 Ryan Poehling 50 1 2 2
Penalty Kill - 3 Players Defense
Defense Defense Time % Phy DF OF
1 J.J. Moser Michael Anderson 50 1 2 2
2 Jonas Siegenthaler Juuso Valimaki 50 1 2 2
4 vs 4 Forward
Center Wing Time % Phy DF OF
1 Shane Pinto Trevor Zegras 50 1 2 2
2 Marco Rossi Cole Perfetti 50 1 2 2
4 vs 4 Defense
Defense Defense Time % Phy DF OF
1 J.J. Moser Michael Anderson 50 1 2 2
2 Jonas Siegenthaler Juuso Valimaki 50 1 2 2
Last Minutes Offensive
Center Left Wing Right Wing Defense Defense
Shane Pinto Evander Kane Anthony Duclair J.J. Moser Michael Anderson
Last Minutes Defensive
Center Left Wing Right Wing Defense Defense
Ryan Poehling Eetu Luostarinen Jordan Greenway J.J. Moser Michael Anderson
Goaltenders
Starting : John Gibson
Backup : Lukas Dostal
Extra Forwards
Normal : Marco Rossi, Kirby Dach, Barrett Hayton - PP : Marco Rossi, Kirby Dach - PK : Barrett Hayton
Extra Defensemen
Normal : Jonas Siegenthaler, Marc Staal, J.J. Moser - PP : Jonas Siegenthaler - PK : Juuso Valimaki, Jonas Siegenthaler
Penalty Shots
Trevor Zegras, Kirby Dach, Anthony Duclair, Barrett Hayton, Evander Kane
Scratches
Alexander Alexeyev (Healthy), Connor Brown (Healthy)
Montreal Canadiens
5 vs 5 Forward
Center Left Wing Right Wing Time % Phy DF OF
1 Dylan Larkin Patrik Laine Jake Evans 25 0 4 1
2 Vincent Trocheck Luke Glendening Jonathan Marchessault 25 0 4 1
3 Aliaksei Protas Juraj Slafkovsky Martin Necas 25 0 4 1
4 Vladislav Namestnikov Jaden Schwartz Evgeni Dadonov 25 0 4 1
5 vs 5 Defense
Defense Defense Time % Phy DF OF
1 Adam Fox Damon Severson 30 1 4 0
2 Tyler Myers Ryan Lindgren 30 1 4 0
3 Brady Skjei Alexandre Carrier 30 1 4 0
4 Tyler Myers Brady Skjei 10 1 4 0
PowerPlay Forward
Center Left Wing Right Wing Time % Phy DF OF
1 Dylan Larkin Jonathan Marchessault Vincent Trocheck 50 0 0 5
2 Vladislav Namestnikov Patrik Laine Juraj Slafkovsky 50 0 0 5
PowerPlay Defense
Defense Defense Time % Phy DF OF
1 Adam Fox Brady Skjei 50 0 0 5
2 Tyler Myers Damon Severson 50 0 0 5
Penalty Kill 4 Players Forward
Center Wing Time % Phy DF OF
1 Dylan Larkin Vincent Trocheck 50 0 5 0
2 Jake Evans Aliaksei Protas 50 0 5 0
Penalty Kill 4 Players Defense
Defense Defense Time % Phy DF OF
1 Adam Fox Ryan Lindgren 50 0 5 0
2 Tyler Myers Brady Skjei 50 0 5 0
Penalty Kill - 3 Players Forward
Forward Time % Phy DF OF
1 Vincent Trocheck 50 0 5 0
2 Dylan Larkin 50 0 5 0
Penalty Kill - 3 Players Defense
Defense Defense Time % Phy DF OF
1 Adam Fox Ryan Lindgren 50 0 5 0
2 Tyler Myers Brady Skjei 50 0 5 0
4 vs 4 Forward
Center Wing Time % Phy DF OF
1 Vincent Trocheck Jonathan Marchessault 50 0 3 2
2 Dylan Larkin Patrik Laine 50 0 3 2
4 vs 4 Defense
Defense Defense Time % Phy DF OF
1 Adam Fox Brady Skjei 50 0 3 2
2 Tyler Myers Damon Severson 50 0 3 2
Last Minutes Offensive
Center Left Wing Right Wing Defense Defense
Dylan Larkin Jonathan Marchessault Vincent Trocheck Adam Fox Brady Skjei
Last Minutes Defensive
Center Left Wing Right Wing Defense Defense
Dylan Larkin Luke Glendening Vincent Trocheck Adam Fox Ryan Lindgren
Goaltenders
Starting : Jet Greaves
Backup : Pavel Cajan
Extra Forwards
Normal : Vincent Trocheck, Dylan Larkin, Patrik Laine - PP : Martin Necas, Patrik Laine - PK : Jake Evans
Extra Defensemen
Normal : Adam Fox, Brady Skjei, Damon Severson - PP : Adam Fox - PK : Adam Fox, Brady Skjei
Penalty Shots
Patrik Laine, Vincent Trocheck, Martin Necas, Jonathan Marchessault, Damon Severson
Scratches
Ilya Lyubushkin (Healthy), David Rittich (Healthy), Jacob Markstrom (Healthy), Calle Clang (Healthy)
% Time on Ice - Quebec Nordiques
Lines # - Real PCT - Wanted PCT - Time Play
Normal Forward
1 - 28% - 30% - 12:52
2 - 28% - 30% - 12:59
3 - 25% - 25% - 11:41
4 - 19% - 15% - 8:49
Normal Defense
1 - 30% - 30% - 13:59
2 - 31% - 30% - 14:19
3 - 32% - 30% - 14:53
4 - 7% - 10% - 3:10
PP Forward
1 - 53% - 50% - 5:49
2 - 47% - 50% - 5:07
PP Defense
1 - 53% - 50% - 5:47
2 - 47% - 50% - 5:09
PK Forward
1 - 51% - 50% - 1:23
2 - 49% - 50% - 1:20
PK Defense
1 - 40% - 50% - 1:05
2 - 60% - 50% - 1:38
PK3 Forward
1 - 0% - 50%
2 - 0% - 50%
PK3 Defense
1 - 0% - 50%
2 - 0% - 50%
44 Forward
1 - 0% - 50%
2 - 0% - 50%
44 Defense
1 - 0% - 50%
2 - 0% - 50%
Last Minute Offensive - 0:00
Last Minute Defensive - 0:00
Total
Forward - 60:00
Defense - 60:00
|
% Time on Ice - Montreal Canadiens
Lines # - Real PCT - Wanted PCT - Time Play
Normal Forward
1 - 24% - 25% - 11:21
2 - 25% - 25% - 11:45
3 - 25% - 25% - 11:33
4 - 25% - 25% - 11:42
Normal Defense
1 - 33% - 30% - 15:27
2 - 32% - 30% - 14:46
3 - 29% - 30% - 13:17
4 - 6% - 10% - 2:51
PP Forward
1 - 52% - 50% - 1:25
2 - 48% - 50% - 1:18
PP Defense
1 - 57% - 50% - 1:33
2 - 43% - 50% - 1:10
PK Forward
1 - 58% - 50% - 6:18
2 - 42% - 50% - 4:38
PK Defense
1 - 44% - 50% - 4:48
2 - 56% - 50% - 6:08
PK3 Forward
1 - 0% - 50%
2 - 0% - 50%
PK3 Defense
1 - 0% - 50%
2 - 0% - 50%
44 Forward
1 - 0% - 50%
2 - 0% - 50%
44 Defense
1 - 0% - 50%
2 - 0% - 50%
Last Minute Offensive - 0:00
Last Minute Defensive - 0:00
Total
Forward - 60:00
Defense - 60:00
|
Play-by-Play
1st period
0:01 of 1st period - Dylan Larkin wins face-off versus Evander Kane in neutral zone.
0:43 of 1st period - Off-side.
0:44 of 1st period - Aliaksei Protas wins face-off versus Barrett Hayton in neutral zone.
1:54 of 1st period - Marc Staal is hit by Luke Glendening and loses puck.
2:07 of 1st period - Marc Staal is hit by Aliaksei Protas and loses puck.
3:12 of 1st period - Snap shot by Jonathan Marchessault.
3:12 of 1st period - Shot Blocked by Juuso Valimaki.
3:14 of 1st period - Snap shot by Luke Glendening.
3:14 of 1st period - Shot Misses the Net.
3:16 of 1st period - Slapshot by Ryan Lindgren.
3:16 of 1st period - Stopped by John Gibson without a rebound.
3:17 of 1st period - Shane Pinto wins face-off versus Aliaksei Protas in Quebec Nordiques zone.
3:22 of 1st period - Backhand shot by Anthony Duclair.
3:22 of 1st period - Stopped by Jet Greaves with a rebound.
3:51 of 1st period - Snap shot by Trevor Zegras.
3:51 of 1st period - Shot Blocked by Adam Fox.
4:07 of 1st period - Wrist shot by Jonathan Marchessault.
4:07 of 1st period - Shot Misses the Net.
4:21 of 1st period - Jonas Siegenthaler is hit by Brady Skjei and loses puck.
5:38 of 1st period - Brady Skjei is hit by Eetu Luostarinen.
5:48 of 1st period - Jordan Greenway is hit by Alexandre Carrier and loses puck.
5:59 of 1st period - Off-side.
6:00 of 1st period - Shane Pinto wins face-off versus Aliaksei Protas in neutral zone.
6:08 of 1st period - Off-side.
6:09 of 1st period - Shane Pinto wins face-off versus Aliaksei Protas in neutral zone.
6:12 of 1st period - Slapshot by Anthony Duclair.
6:12 of 1st period - Deflect By Evander Kane.
6:12 of 1st period - Stopped by Jet Greaves without a rebound.
6:13 of 1st period - Jaden Schwartz wins face-off versus Shane Pinto in Montreal Canadiens zone.
6:43 of 1st period - Snap shot by Vincent Trocheck.
6:43 of 1st period - Shot Hit the Post.
6:47 of 1st period - Wrist shot by Vincent Trocheck.
6:47 of 1st period - Stopped by John Gibson with a rebound.
6:49 of 1st period - Slapshot by Brady Skjei.
6:49 of 1st period - Shot Misses the Net.
7:07 of 1st period - Wrist shot by Barrett Hayton.
7:07 of 1st period - Goal by Barrett Hayton - Quebec Nordiques : 1 - Montreal Canadiens : 0.
7:08 of 1st period - Shane Pinto wins face-off versus Dylan Larkin in neutral zone.
7:41 of 1st period - Snap shot by Vladislav Namestnikov.
7:41 of 1st period - Shot Misses the Net.
8:07 of 1st period - Jordan Greenway is hit by Aliaksei Protas.
8:52 of 1st period - Slapshot by Jaden Schwartz.
8:52 of 1st period - Stopped by John Gibson with a rebound.
9:03 of 1st period - Vladislav Namestnikov is hit by Evander Kane and loses puck.
9:08 of 1st period - Snap shot by Anthony Duclair.
9:08 of 1st period - Shot Misses the Net.
9:14 of 1st period - Evgeni Dadonov is hit by Anthony Duclair and loses puck.
9:53 of 1st period - Evgeni Dadonov is hit by Evander Kane and loses puck.
9:58 of 1st period - Snap shot by Anthony Duclair.
9:58 of 1st period - Deflect By Adam Fox.
9:58 of 1st period - Stopped by Jet Greaves with a rebound.
10:00 of 1st period - Snap shot by Shane Pinto.
10:00 of 1st period - Shot Misses the Net.
10:02 of 1st period - Snap shot by Juuso Valimaki.
10:02 of 1st period - Shot Blocked by Damon Severson.
10:06 of 1st period - Snap shot by Anthony Duclair.
10:06 of 1st period - Shot Blocked by Jaden Schwartz.
10:08 of 1st period - Snap shot by Evander Kane.
10:08 of 1st period - Shot Blocked by Damon Severson.
10:10 of 1st period - Wrist shot by Juuso Valimaki.
10:10 of 1st period - Shot Misses the Net.
10:12 of 1st period - Snap shot by J.J. Moser.
10:12 of 1st period - Shot Misses the Net.
10:14 of 1st period - Wrist shot by Shane Pinto.
10:14 of 1st period - Shot Misses the Net.
10:20 of 1st period - Snap shot by Anthony Duclair.
10:20 of 1st period - Stopped by Jet Greaves with a rebound.
10:22 of 1st period - Snap shot by Evander Kane.
10:22 of 1st period - Shot Misses the Net.
10:28 of 1st period - Snap shot by Anthony Duclair.
10:28 of 1st period - Stopped by Jet Greaves with a rebound.
10:49 of 1st period - Wrist shot by Anthony Duclair.
10:49 of 1st period - Stopped by Jet Greaves without a rebound.
10:50 of 1st period - Marco Rossi wins face-off versus Aliaksei Protas in Montreal Canadiens zone.
10:53 of 1st period - Wrist shot by Cole Perfetti.
10:53 of 1st period - Shot Blocked by Brady Skjei.
10:55 of 1st period - Snap shot by Trevor Zegras.
10:55 of 1st period - Stopped by Jet Greaves with a rebound.
10:57 of 1st period - Slapshot by J.J. Moser.
10:57 of 1st period - Stopped by Jet Greaves with a rebound.
11:03 of 1st period - Wrist shot by Cole Perfetti.
11:03 of 1st period - Shot Misses the Net.
11:05 of 1st period - Wrist shot by Marco Rossi.
11:05 of 1st period - Goal by Marco Rossi - Quebec Nordiques : 2 - Montreal Canadiens : 0.
11:06 of 1st period - Vincent Trocheck wins face-off versus Marco Rossi in neutral zone.
11:10 of 1st period - Off-side.
11:11 of 1st period - Marco Rossi wins face-off versus Vincent Trocheck in neutral zone.
11:50 of 1st period - Snap shot by Patrik Laine.
11:50 of 1st period - Goal by Patrik Laine - Quebec Nordiques : 2 - Montreal Canadiens : 1.
11:51 of 1st period - Trevor Zegras wins face-off versus Aliaksei Protas in neutral zone.
11:55 of 1st period - Off-side.
11:56 of 1st period - Marco Rossi wins face-off versus Aliaksei Protas in neutral zone.
12:07 of 1st period - Martin Necas is hit by Trevor Zegras.
13:05 of 1st period - Snap shot by Trevor Zegras.
13:05 of 1st period - Stopped by Jet Greaves with a rebound.
13:07 of 1st period - Slapshot by Juuso Valimaki.
13:07 of 1st period - Stopped by Jet Greaves with a rebound.
13:33 of 1st period - Snap shot by Juraj Slafkovsky.
13:33 of 1st period - Stopped by John Gibson with a rebound.
13:35 of 1st period - Wrist shot by Aliaksei Protas.
13:35 of 1st period - Stopped by John Gibson with a rebound.
13:55 of 1st period - Slapshot by Damon Severson.
13:55 of 1st period - Stopped by John Gibson without a rebound.
13:56 of 1st period - Dylan Larkin wins face-off versus Trevor Zegras in Quebec Nordiques zone.
14:42 of 1st period - Slapshot by Jonathan Marchessault.
14:42 of 1st period - Shot Blocked by Marc Staal.
14:44 of 1st period - Snap shot by Vincent Trocheck.
14:44 of 1st period - Goal by Vincent Trocheck - Quebec Nordiques : 2 - Montreal Canadiens : 2.
14:45 of 1st period - Marco Rossi wins face-off versus Dylan Larkin in neutral zone.
14:56 of 1st period - Off-side.
14:57 of 1st period - Vincent Trocheck wins face-off versus Trevor Zegras in neutral zone.
15:28 of 1st period - Snap shot by Eetu Luostarinen.
15:28 of 1st period - Stopped by Jet Greaves with a rebound.
15:30 of 1st period - Slapshot by Michael Anderson.
15:30 of 1st period - Stopped by Jet Greaves with a rebound.
15:32 of 1st period - Wrist shot by Eetu Luostarinen.
15:32 of 1st period - Stopped by Jet Greaves without a rebound.
15:33 of 1st period - Michael McCarron wins face-off versus Aliaksei Protas in Montreal Canadiens zone.
15:36 of 1st period - Wrist shot by Ryan Poehling.
15:36 of 1st period - Shot Blocked by Martin Necas.
15:45 of 1st period - Off-side.
15:46 of 1st period - Marco Rossi wins face-off versus Aliaksei Protas in neutral zone.
15:48 of 1st period - Minor Penalty to Trevor Zegras for Tripping.
15:49 of 1st period - Ryan Poehling wins face-off versus Dylan Larkin in Quebec Nordiques zone.
16:15 of 1st period - Jordan Greenway is hit by Vladislav Namestnikov and loses puck.
17:48 of 1st period - Penalty to Trevor Zegras is over, Trevor Zegras is back on ice.
17:52 of 1st period - Slapshot by Anthony Duclair.
17:52 of 1st period - Goal by Anthony Duclair - Quebec Nordiques : 3 - Montreal Canadiens : 2.
17:53 of 1st period - Marco Rossi wins face-off versus Aliaksei Protas in neutral zone.
18:26 of 1st period - Snap shot by Patrik Laine.
18:26 of 1st period - Shot Misses the Net.
19:02 of 1st period - Snap shot by Michael McCarron.
19:02 of 1st period - Shot Misses the Net.
19:04 of 1st period - Wrist shot by Ryan Poehling.
19:04 of 1st period - Stopped by Jet Greaves with a rebound.
19:06 of 1st period - Wrist shot by Michael McCarron.
19:06 of 1st period - Shot Misses the Net.
19:08 of 1st period - Wrist shot by Jordan Greenway.
19:08 of 1st period - Shot Misses the Net.
19:26 of 1st period - Snap shot by Cole Perfetti.
19:26 of 1st period - Shot Misses the Net.
19:28 of 1st period - Snap shot by Marc Staal.
19:28 of 1st period - Stopped by Jet Greaves with a rebound.
19:38 of 1st period - Aliaksei Protas is hit by Justin Holl and loses puck.
Goals for this period are 3 for Quebec Nordiques vs 2 for Montreal Canadiens.
Shots for this period are 18 for Quebec Nordiques vs 8 for Montreal Canadiens.
2nd period
0:01 of 2nd period - Trevor Zegras wins face-off versus Patrik Laine in neutral zone.
0:26 of 2nd period - Vincent Trocheck is hit by Kirby Dach and loses puck.
0:55 of 2nd period - Wrist shot by Evander Kane.
0:55 of 2nd period - Shot Misses the Net.
1:14 of 2nd period - Snap shot by Juraj Slafkovsky.
1:14 of 2nd period - Shot Misses the Net.
1:16 of 2nd period - Slapshot by Ryan Lindgren.
1:16 of 2nd period - Stopped by John Gibson with a rebound.
1:18 of 2nd period - Wrist shot by Ryan Lindgren.
1:18 of 2nd period - Shot Blocked by Marc Staal.
1:20 of 2nd period - Snap shot by Martin Necas.
1:20 of 2nd period - Stopped by John Gibson with a rebound.
1:32 of 2nd period - Adam Fox is hit by Trevor Zegras and loses puck.
2:18 of 2nd period - Snap shot by Evander Kane.
2:18 of 2nd period - Shot Misses the Net.
3:12 of 2nd period - Off-side.
3:13 of 2nd period - Vincent Trocheck wins face-off versus Barrett Hayton in neutral zone.
3:22 of 2nd period - Snap shot by Jonathan Marchessault.
3:22 of 2nd period - Shot Misses the Net.
3:24 of 2nd period - Wrist shot by Jonathan Marchessault.
3:24 of 2nd period - Shot Blocked by Eetu Luostarinen.
3:26 of 2nd period - Slapshot by Alexandre Carrier.
3:26 of 2nd period - Stopped by John Gibson with a rebound.
3:28 of 2nd period - Slapshot by Alexandre Carrier.
3:28 of 2nd period - Shot Misses the Net.
3:42 of 2nd period - Jaden Schwartz is hit by Michael Anderson.
4:26 of 2nd period - Slapshot by Trevor Zegras.
4:26 of 2nd period - Shot Misses the Net.
4:28 of 2nd period - Slapshot by Marco Rossi.
4:28 of 2nd period - Deflect By Trevor Zegras.
4:28 of 2nd period - Shot Blocked by Tyler Myers.
4:28 of 2nd period - Puck is out of play.
4:29 of 2nd period - Luke Glendening wins face-off versus Marco Rossi in Montreal Canadiens zone.
4:40 of 2nd period - Slapshot by Trevor Zegras.
4:40 of 2nd period - Stopped by Jet Greaves with a rebound.
4:50 of 2nd period - Slapshot by Cole Perfetti.
4:50 of 2nd period - Stopped by Jet Greaves with a rebound.
4:52 of 2nd period - Wrist shot by Trevor Zegras.
4:52 of 2nd period - Shot Blocked by Ryan Lindgren.
5:06 of 2nd period - Slapshot by Jonathan Marchessault.
5:06 of 2nd period - Shot Blocked by Juuso Valimaki.
5:40 of 2nd period - Snap shot by Marco Rossi.
5:40 of 2nd period - Shot Blocked by Luke Glendening.
5:42 of 2nd period - Slapshot by Juuso Valimaki.
5:42 of 2nd period - Deflect By Tyler Myers.
5:42 of 2nd period - Stopped by Jet Greaves without a rebound.
5:43 of 2nd period - Jake Evans wins face-off versus Evander Kane in Montreal Canadiens zone.
6:54 of 2nd period - Icing by Jordan Greenway.
6:55 of 2nd period - Michael McCarron wins face-off versus Aliaksei Protas in Quebec Nordiques zone.
7:00 of 2nd period - Aliaksei Protas is hit by J.J. Moser and loses puck.
8:01 of 2nd period - Kirby Dach is hit by Luke Glendening and loses puck.
8:32 of 2nd period - Wrist shot by Juraj Slafkovsky.
8:32 of 2nd period - Stopped by John Gibson with a rebound.
8:34 of 2nd period - Slapshot by Damon Severson.
8:34 of 2nd period - Deflect By Martin Necas.
8:34 of 2nd period - Shot Misses the Net.
8:34 of 2nd period - Puck is out of play.
8:35 of 2nd period - Dylan Larkin wins face-off versus Anthony Duclair in Quebec Nordiques zone.
9:01 of 2nd period - Vladislav Namestnikov is hit by Eetu Luostarinen and loses puck.
9:23 of 2nd period - Minor Penalty to Alexandre Carrier for Roughing.
9:24 of 2nd period - Dylan Larkin wins face-off versus Shane Pinto in Montreal Canadiens zone.
9:52 of 2nd period - Tyler Myers is hit by Jonas Siegenthaler and loses puck.
10:25 of 2nd period - Wrist shot by Shane Pinto.
10:25 of 2nd period - Stopped by Jet Greaves with a rebound.
10:27 of 2nd period - Slapshot by Michael Anderson.
10:27 of 2nd period - Stopped by Jet Greaves with a rebound.
10:29 of 2nd period - Slapshot by Evander Kane.
10:29 of 2nd period - Shot Blocked by Jake Evans.
10:31 of 2nd period - Slapshot by Michael Anderson.
10:31 of 2nd period - Shot Misses the Net.
10:49 of 2nd period - Tyler Myers is hit by Michael Anderson.
11:01 of 2nd period - Snap shot by Jake Evans.
11:01 of 2nd period - Goal by Jake Evans - Quebec Nordiques : 3 - Montreal Canadiens : 3.
11:02 of 2nd period - Cole Perfetti wins face-off versus Dylan Larkin in neutral zone.
11:23 of 2nd period - Penalty to Alexandre Carrier is over, Alexandre Carrier is back on ice.
11:27 of 2nd period - Ryan Lindgren is hit by Barrett Hayton and loses puck.
11:36 of 2nd period - Wrist shot by Kirby Dach.
11:36 of 2nd period - Shot Blocked by Vincent Trocheck.
12:11 of 2nd period - Wrist shot by Cole Perfetti.
12:11 of 2nd period - Deflect By Jaden Schwartz.
12:11 of 2nd period - Shot Misses the Net.
12:11 of 2nd period - Puck is out of play.
12:12 of 2nd period - Trevor Zegras wins face-off versus Aliaksei Protas in Montreal Canadiens zone.
12:13 of 2nd period - Wrist shot by Cole Perfetti.
12:13 of 2nd period - Shot Blocked by Alexandre Carrier.
12:15 of 2nd period - Backhand shot by Juuso Valimaki.
12:15 of 2nd period - Shot Blocked by Alexandre Carrier.
12:17 of 2nd period - Snap shot by Trevor Zegras.
12:17 of 2nd period - Shot Misses the Net.
12:19 of 2nd period - Snap shot by Jonas Siegenthaler.
12:19 of 2nd period - Deflect By Martin Necas.
12:19 of 2nd period - Goal by Jonas Siegenthaler - Quebec Nordiques : 4 - Montreal Canadiens : 3.
12:20 of 2nd period - Vincent Trocheck wins face-off versus Shane Pinto in neutral zone.
12:57 of 2nd period - Wrist shot by Kirby Dach.
12:57 of 2nd period - Goal by Kirby Dach - Quebec Nordiques : 5 - Montreal Canadiens : 3.
12:58 of 2nd period - Shane Pinto wins face-off versus Aliaksei Protas in neutral zone.
13:44 of 2nd period - Wrist shot by Jordan Greenway.
13:44 of 2nd period - Shot Misses the Net.
13:46 of 2nd period - Slapshot by Juuso Valimaki.
13:46 of 2nd period - Shot Misses the Net.
13:48 of 2nd period - Wrist shot by Michael McCarron.
13:48 of 2nd period - Stopped by Jet Greaves with a rebound.
13:50 of 2nd period - Minor Penalty to Jaden Schwartz for Holding.
13:51 of 2nd period - Vincent Trocheck wins face-off versus Marco Rossi in Montreal Canadiens zone.
15:50 of 2nd period - Penalty to Jaden Schwartz is over, Jaden Schwartz is back on ice.
15:55 of 2nd period - Wrist shot by Jaden Schwartz.
15:55 of 2nd period - Shot Misses the Net.
16:13 of 2nd period - Wrist shot by Ryan Poehling.
16:13 of 2nd period - Stopped by Jet Greaves with a rebound.
17:49 of 2nd period - Justin Holl is hit by Tyler Myers and loses puck.
18:16 of 2nd period - Eetu Luostarinen is hit by Damon Severson and loses puck.
18:35 of 2nd period - Martin Necas is hit by Anthony Duclair and loses puck.
19:14 of 2nd period - Wrist shot by Trevor Zegras.
19:14 of 2nd period - Shot Misses the Net.
19:28 of 2nd period - Backhand shot by Barrett Hayton.
19:28 of 2nd period - Shot Blocked by Patrik Laine.
19:30 of 2nd period - Snap shot by Eetu Luostarinen.
19:30 of 2nd period - Shot Misses the Net.
Goals for this period are 2 for Quebec Nordiques vs 1 for Montreal Canadiens.
Shots for this period are 9 for Quebec Nordiques vs 5 for Montreal Canadiens.
3rd period
0:01 of 3rd period - Evander Kane wins face-off versus Dylan Larkin in neutral zone.
0:04 of 3rd period - Snap shot by Shane Pinto.
0:04 of 3rd period - Stopped by Jet Greaves with a rebound.
0:06 of 3rd period - Slapshot by J.J. Moser.
0:06 of 3rd period - Shot Misses the Net.
0:14 of 3rd period - Slapshot by Shane Pinto.
0:14 of 3rd period - Deflect By Evander Kane.
0:14 of 3rd period - Shot Misses the Net.
0:14 of 3rd period - Puck is out of play.
0:15 of 3rd period - Marco Rossi wins face-off versus Aliaksei Protas in Montreal Canadiens zone.
0:24 of 3rd period - Snap shot by Cole Perfetti.
0:24 of 3rd period - Stopped by Jet Greaves without a rebound.
0:25 of 3rd period - Aliaksei Protas wins face-off versus Cole Perfetti in Montreal Canadiens zone.
0:27 of 3rd period - Minor Penalty to Tyler Myers for Slashing.
0:28 of 3rd period - Dylan Larkin wins face-off versus Marco Rossi in Montreal Canadiens zone.
2:27 of 3rd period - Penalty to Tyler Myers is over, Tyler Myers is back on ice.
3:35 of 3rd period - Icing by Anthony Duclair.
3:36 of 3rd period - Aliaksei Protas wins face-off versus Shane Pinto in Quebec Nordiques zone.
3:43 of 3rd period - Juraj Slafkovsky is hit by Evander Kane and loses puck.
4:22 of 3rd period - Marc Staal is hit by Vladislav Namestnikov and loses puck.
4:44 of 3rd period - Patrik Laine is hit by Trevor Zegras and loses puck.
4:59 of 3rd period - Justin Holl is hit by Luke Glendening and loses puck.
5:08 of 3rd period - Jonathan Marchessault is hit by Evander Kane and loses puck.
5:24 of 3rd period - Jaden Schwartz is hit by Michael McCarron and loses puck.
6:02 of 3rd period - Brady Skjei is hit by Juuso Valimaki.
6:17 of 3rd period - Snap shot by Shane Pinto.
6:17 of 3rd period - Stopped by Jet Greaves with a rebound.
6:34 of 3rd period - Evgeni Dadonov is hit by Ryan Poehling and loses puck.
7:00 of 3rd period - Wrist shot by Marco Rossi.
7:00 of 3rd period - Shot Misses the Net.
7:10 of 3rd period - Tyler Myers is hit by Marc Staal and loses puck.
8:00 of 3rd period - Off-side.
8:01 of 3rd period - Vincent Trocheck wins face-off versus Shane Pinto in neutral zone.
8:10 of 3rd period - Slapshot by Vincent Trocheck.
8:10 of 3rd period - Stopped by John Gibson with a rebound.
8:16 of 3rd period - Wrist shot by Vincent Trocheck.
8:16 of 3rd period - Shot Blocked by Michael Anderson.
8:52 of 3rd period - Patrik Laine is hit by Evander Kane and loses puck.
8:59 of 3rd period - Marc Staal is hit by Dylan Larkin and loses puck.
9:36 of 3rd period - Slapshot by Kirby Dach.
9:36 of 3rd period - Deflect By Barrett Hayton.
9:36 of 3rd period - Goal by Barrett Hayton - Quebec Nordiques : 6 - Montreal Canadiens : 3.
9:37 of 3rd period - Vincent Trocheck wins face-off versus Marco Rossi in neutral zone.
9:50 of 3rd period - Snap shot by Jonathan Marchessault.
9:50 of 3rd period - Stopped by John Gibson without a rebound.
9:51 of 3rd period - Marco Rossi wins face-off versus Dylan Larkin in Quebec Nordiques zone.
10:55 of 3rd period - Ryan Poehling is hit by Vladislav Namestnikov and loses puck.
11:16 of 3rd period - Cole Perfetti is hit by Dylan Larkin and loses puck.
11:31 of 3rd period - Icing by Adam Fox.
11:32 of 3rd period - Jake Evans wins face-off versus Shane Pinto in Montreal Canadiens zone.
11:40 of 3rd period - Off-side.
11:41 of 3rd period - Vincent Trocheck wins face-off versus Marco Rossi in neutral zone.
12:00 of 3rd period - Snap shot by Jonathan Marchessault.
12:00 of 3rd period - Stopped by John Gibson without a rebound.
12:01 of 3rd period - Shane Pinto wins face-off versus Aliaksei Protas in Quebec Nordiques zone.
12:26 of 3rd period - Ryan Lindgren is hit by Eetu Luostarinen and loses puck.
12:39 of 3rd period - Snap shot by Juraj Slafkovsky.
12:39 of 3rd period - Deflect By Martin Necas.
12:39 of 3rd period - Deflect By Barrett Hayton.
12:39 of 3rd period - Shot Blocked by Jonas Siegenthaler.
12:39 of 3rd period - Puck is out of play.
12:40 of 3rd period - Vincent Trocheck wins face-off versus Marco Rossi in Quebec Nordiques zone.
12:42 of 3rd period - Major Penalty to Vincent Trocheck for Boarding.
12:43 of 3rd period - Dylan Larkin wins face-off versus Marco Rossi in Montreal Canadiens zone.
12:58 of 3rd period - Snap shot by Marco Rossi.
12:58 of 3rd period - Stopped by Jet Greaves without a rebound.
12:59 of 3rd period - Shane Pinto wins face-off versus Jake Evans in Montreal Canadiens zone.
14:59 of 3rd period - Kirby Dach is hit by Juraj Slafkovsky and loses puck.
17:31 of 3rd period - Dylan Larkin is hit by Anthony Duclair and loses puck.
17:42 of 3rd period - Penalty to Vincent Trocheck is over, Vincent Trocheck is back on ice.
17:50 of 3rd period - Backhand shot by Vincent Trocheck.
17:50 of 3rd period - Stopped by John Gibson with a rebound.
18:11 of 3rd period - Damon Severson is hit by Marc Staal and loses puck.
18:30 of 3rd period - Marco Rossi is hit by Luke Glendening and loses puck.
18:45 of 3rd period - Kirby Dach is hit by Vladislav Namestnikov and loses puck.
18:58 of 3rd period - Slapshot by Juraj Slafkovsky.
18:58 of 3rd period - Stopped by John Gibson without a rebound.
18:59 of 3rd period - Dylan Larkin wins face-off versus Michael McCarron in Quebec Nordiques zone.
19:15 of 3rd period - Minor Penalty to Michael McCarron for Hooking.
19:16 of 3rd period - Ryan Poehling wins face-off versus Vladislav Namestnikov in Quebec Nordiques zone.
Goals for this period are 1 for Quebec Nordiques vs 0 for Montreal Canadiens.
Shots for this period are 5 for Quebec Nordiques vs 5 for Montreal Canadiens.
Back to the Top